AoeStats
← El que te Lo Mete

Glade

510306503Analyzed
1v1 RM · 23h ago on Sep 30, 2026· 46m 14s· 2 players
Game mode
Random Map
Map size
Tiny (2 player)
Population
200
Speed
Normal
Resources
Standard
Victory
Conquest
Starting age
Dark Age
Ending age
Imperial Age
RankedLock teamsTeams togetherTeam positionsShared explorationLock speedFull tech treeHidden civsTurbo modeCheats
Victory
Defeat
🇺🇸 Inca · United States
618
+16
🇨🇱 Chinese · Chile
625
-16
El que te Lo Mete
0:38 Loom
11:37 Feudal Age
12:36 Town Watch
13:29 Wheelbarrow
17:58 Castle Age
15:43 Horse Collar
17:29 Double-Bit Axe
18:54 Heavy Plow
21:13 Scale Mail Armor
21:24 Forging
20:37 Champi Runner
22:42 Bow Saw
23:51 Gold Mining
25:36 Champi Warrior
26:51 Stone Mining
27:46 Arson
28:50 Iron Casting
28:31 Chain Mail Armor
28:46 Squires
31:52 Gold Shaft Mining
33:00 Hand Cart
33:35 Town Watch
34:17 Fletching
37:37 Imperial Age
36:21 Masonry
35:52 Treadmill Crane
37:16 Bodkin Arrow
37:42 Elite Champi Warrior
38:48 Conscription
39:17 Crop Rotation
39:35 Plate Mail Armor
40:06 Blast Furnace
40:51 Fabric Shields
41:47 Bracer
42:37 Capped Ram
47:03 Ballistics
47:44 Chemistry
blessedllI
11:24 Feudal Age
12:50 Double-Bit Axe
17:05 Horse Collar
24:14 Padded Archer Armor
26:25 Castle Age
27:09 Elite Skirmisher
28:12 Crossbowman
31:38 Fletching
31:54 Gold Mining
34:14 Thumb Ring
41:01 Wheelbarrow
42:47 Bow Saw
43:09 Leather Archer Armor
43:31 Stone Mining
Connection lost

Rejoining the realm…

Still unreachable

The connection could not be restored.

Session expired

The server has moved on; the page needs a fresh start.